 Dungeon Crawl Stone Soup version 0.20.1-1-g8b1a95d (webtiles) character file.

3348 grizmgrazm2 the Covert (level 9, 0/57 HPs)
             Began as a Vampire Enchanter on Sept 20, 2017.
             Was an Elder of Vehumet.
             Slain by an orc
             ... wielding a +0 trident
              (8 damage)
             ... on level 8 of the Dungeon.
             The game lasted 00:29:17 (10689 turns).

grizmgrazm2 the Covert (Vampire Enchanter)         Turns: 10689, Time: 00:29:18

Health: 0/57       AC:  3    Str:  4 (7)  XL:     9   Next: 72%
Magic:  3/17       EV: 14    Int: 20 (21) God:    Vehumet [****..]
Gold:   312        SH:  0    Dex: 11 (14) Spells: 11/19 levels left

rFire    . . .     SeeInvis +   a - +2 dagger
rCold    + + .     Gourm    .   (no shield)
rNeg     + + +     Faith    .   (no armour)
rPois    ∞         Spirit   .   (no helmet)
rElec    .         Reflect  .   m - +2 cloak
rCorr    .         Harm     .   (no gloves)
MR       .....                  (no boots)
Stlth    +++++++...             j - amulet of magic regeneration
Regen    0.0/turn               (no ring)
MPRegen  0.3/turn               (no ring)

@: bloodless, non-regenerating
A: fangs 3, see invisible, unbreathing
a: Bat Form, Renounce Religion


You were on level 8 of the Dungeon.
You worshipped Vehumet.
Vehumet was greatly pleased with you.
You were bloodless.

You visited 1 branch of the dungeon, and saw 8 of its levels.
You also visited: Ossuary.

You collected 312 gold pieces.

Inventory:

Hand Weapons
 a - a +2 dagger (weapon)
Armour
 m - a +2 cloak (worn)
Jewellery
 j - an amulet of magic regeneration (around neck)
 r - the amulet "Jarairih" {Gourm rPois}
   (You found it on level 6 of the Dungeon)

   [amulet of the gourmand]

   It allows you to eat raw meat even when not hungry.
   It protects you from poison.
Wands
 f - a wand of enslavement (19/24)
 l - a wand of disintegration (24/24)
 t - a wand of disintegration (6/24)
Scrolls
 b - a scroll of enchant armour
 g - a scroll of identify
 h - 5 scrolls of teleportation
 o - a scroll of fog
 q - a scroll of amnesia
 y - a scroll of fear
Potions
 d - 24 potions of blood
 e - 2 potions of curing
 i - 2 potions of haste
 k - a potion of flight
 p - a potion of agility
 u - a potion of heal wounds
 w - a potion of might
Books
 c - a book of Maledictions

   Spells                             Type                      Level
   a - Corona                         Hexes                        1
   b - Ensorcelled Hibernation        Hexes/Ice                    2
   c - Confuse                        Hexes                        3
   d - Tukima's Dance                 Hexes                        3
   e - Dazzling Spray                 Conjuration/Hexes            3
 s - Giarah's Disquisition on the Traveller
   (You found it on level 6 of the Dungeon)

   Spells                             Type                      Level
   a - Portal Projectile              Hexes/Translocation          3
   b - Teleport Other                 Translocation                3
   c - Dispersal                      Translocation                6
   d - Controlled Blink               Translocation                8


   Skills:
 + Level 5.6 Short Blades
 + Level 5.7 Dodging
 + Level 11.2 Stealth
 * Level 5.7 Spellcasting
 + Level 8.3 Hexes
 + Level 1.6 Translocations
 + Level 5.3 Ice Magic


You had 11 spell levels left.
You knew the following spells:

 Your Spells              Type           Power        Failure   Level  Hunger
a - Ensorcelled Hibernat  Hex/Ice        ####..       1%          2    None
b - Confuse               Hex            #####...     1%          3    ##.....
c - Portal Projectile     Hex/Tloc       ####..       4%          3    ##.....


Dungeon Overview and Level Annotations

Branches:
Dungeon (8/15)             Temple (0/1) D:5
   Lair: D:8-11

Altars:
Cheibriados
Elyvilon
Hepliaklqana
Okawaru
Ru
Sif Muna
Trog
Vehumet
Yredelemnul

Shops:
D:7 %


Innate Abilities, Weirdness & Mutations

You do not heal naturally.
You are immune to poison.
You have razor-sharp teeth.
You have supernaturally acute eyesight. (SInv)
You can survive without breathing.


Message History

Press: ? - help, Shift-Dir - straight line, f/p - orc
Aim: an orc, wielding a trident and wearing a chain mail (chance to defeat MR: 76%)
The orc warrior resists with significant effort.
The orc warrior hits you with a hand axe.
The orc hits you from afar with a trident.
Casting: Ensorcelled Hibernation
Confirm with . or Enter, or press ? or * to list all spells.
Aiming: Confuse
Press: ? - help, Shift-Dir - straight line, f/p - orc
Aim: an orc, wielding a trident and wearing a chain mail (chance to defeat MR: 80%)
The orc warrior appears confused.
The orc warrior misses you. The orc closely misses you.
You hit the orc warrior but do no damage.
You hit the orc warrior but do no damage.
The orc barely misses you.
You hit the orc warrior but do no damage.
The orc warrior hits you with a hand axe!
* * * LOW HITPOINT WARNING * * *
The orc hits you from afar with a trident!
You die...

#..##............#
#..######...##.#..
#..# ##.## # #
#..# #.# ..####..#
#.# #.......# #..
...#####.# ... #.#
#@# #o#


oo# ..S. ##.## #. #. #. You could see an orc warrior (confused), an adder and 2
orcs.

Vanquished Creatures
  An ugly thing (D:6)
  Sigmund (D:6)
  A hippogriff (D:7)
  Edmund (D:6)
  Menkaure (D:6)
  A water moccasin (D:8)
  Duvessa (D:6)
  A sky beast (D:6)
  6 ogres
  A centaur (D:5)
  A big kobold (D:7)
  3 bullfrogs
  Dowan (D:6)
  A wyvern zombie (D:6)
  A scorpion (D:6)
  A howler monkey (D:7)
  A crimson imp (D:8)
  A bullfrog skeleton (D:5)
  A jelly (D:8)
  3 orc priests
  A centaur skeleton (D:6)
  5 hounds
  Crazy Yiuf (D:3)
  2 iguanas
  3 orc wizards
  2 worker ants (D:4)
  A killer bee zombie (D:6)
  5 big kobold zombies (Ossuary)
  4 hound zombies
  A mummy (Ossuary)
  5 gnolls
  8 adders
  A shadow imp (D:7)
  An ooze (D:3)
  3 adder skeletons
  2 adder zombies
  2 worms
  2 dart slugs
  5 leopard geckos
  16 orcs
  3 spectral bats (Ossuary)
  10 giant cockroaches
  7 gnoll zombies (Ossuary)
  13 goblins
  9 hobgoblins
  2 jackals (D:6)
  10 kobolds
  A quokka (D:3)
  2 ball pythons
  6 bats
  4 bat simulacra (Ossuary)
  2 frilled lizards
  2 goblin simulacra (Ossuary)
  5 goblin zombies (Ossuary)
  6 hobgoblin zombies (Ossuary)
  A jackal skeleton (D:6)
  A jackal zombie (D:6)
  3 kobold simulacra (Ossuary)
  4 kobold zombies (Ossuary)
  A leopard gecko zombie (D:6)
  3 orc zombies (Ossuary)
  A quokka zombie (D:5)
  8 rats
  4 rat simulacra (Ossuary)
  2 spectral goblins (Ossuary)
  6 spectral kobolds (Ossuary)
  A spectral orc (D:5)
  3 spectral rats (Ossuary)
219 creatures vanquished.

Vanquished Creatures (others)
  A rat simulacrum (Ossuary)
1 creature vanquished.

Grand Total: 220 creatures vanquished

Notes
Turn   | Place    | Note
-------+----------+-------------------------------------------
     0 | D:1      | grizmgrazm2 the Vampire Enchanter began the quest for the Orb.
     0 | D:1      | Reached XP level 1. HP: 13/13 MP: 3/3
   465 | D:1      | Reached XP level 2. HP: 19/19 MP: 5/5
   469 | D:1      | Learned a level 2 spell: Ensorcelled Hibernation
   634 | D:1      | Reached skill level 5 in Stealth
  1199 | D:2      | Reached XP level 3. HP: 21/24 MP: 3/6
  1206 | D:1      | Learned a level 3 spell: Confuse
  1786 | D:2      | Found a radiant altar of Vehumet.
  1790 | D:2      | Became a worshipper of Vehumet
  2237 | D:2      | Found a snail-covered altar of Cheibriados.
  2592 | D:3      | Reached skill level 5 in Hexes
  2625 | D:3      | Reached XP level 4. HP: 21/30 MP: 7/7
  2927 | D:3      | Reached skill level 6 in Stealth
  2930 | D:3      | Reached skill level 1 in Ice Magic
  3152 | D:3      | Reached XP level 5. HP: 35/35 MP: 3/9
  3411 | D:3      | Noticed an ogre
  3822 | D:3      | Reached * piety under Vehumet
  3822 | D:3      | Offered knowledge of Magic Dart by Vehumet.
  4430 | D:3      | Found a runed door.
  4434 | D:3      | Noticed Crazy Yiuf
  4438 | D:3      | Killed Crazy Yiuf
  4515 | D:3      | Killed an ogre
  4515 | D:3      | Reached XP level 6. HP: 41/41 MP: 5/10
  4598 | D:4      | Reached skill level 7 in Stealth
  4819 | D:4      | Found a sand-covered staircase.
  4830 | Ossuary  | Entered an ossuary
  5342 | Ossuary  | Offered knowledge of Throw Frost by Vehumet.
  5510 | Ossuary  | Reached ** piety under Vehumet
  5822 | Ossuary  | Reached XP level 7. HP: 45/46 MP: 9/11
  6354 | Ossuary  | Offered knowledge of Inner Flame by Vehumet.
  6662 | Ossuary  | Reached *** piety under Vehumet
  7015 | Ossuary  | Reached skill level 8 in Stealth
  7570 | D:4      | Found an iron altar of Okawaru.
  7683 | D:5      | Entered Level 5 of the Dungeon
  7701 | D:5      | Found a deep blue altar of Sif Muna.
  8051 | D:5      | Found a sacrificial altar of Ru.
  8102 | D:5      | Found a sacrificial altar of Ru.
  8105 | D:5      | Reached skill level 9 in Stealth
  8164 | D:5      | Found a staircase to the Ecumenical Temple.
  8277 | D:5      | Found a basalt altar of Yredelemnul.
  8468 | D:6      | Offered knowledge of Static Discharge by Vehumet.
  8468 | D:6      | Reached XP level 8. HP: 52/52 MP: 11/13
  8480 | D:6      | Found a hazy altar of Hepliaklqana.
  8482 | D:6      | Noticed Sigmund
  8486 | D:6      | Killed Sigmund
  8551 | D:6      | Got a warped jade amulet
  8553 | D:6      | Identified the amulet "Jarairih" {Gourm rPois} (You found it on level 6 of the Dungeon)
  8561 | D:6      | Identified Giarah's Disquisition on the Traveller
  8567 | D:6      | Learned a level 3 spell: Portal Projectile
  8620 | D:6      | Noticed Edmund
  8627 | D:6      | Killed Edmund
  8792 | D:6      | Noticed Menkaure
  8799 | D:6      | Reached skill level 10 in Stealth
  9114 | D:6      | Killed Menkaure
  9299 | D:6      | Noticed Duvessa
  9302 | D:6      | Noticed Dowan
  9313 | D:6      | Reached **** piety under Vehumet
  9316 | D:6      | Killed Duvessa
  9339 | D:6      | Killed Dowan
  9378 | D:6      | Reached XP level 9. HP: 45/57 MP: 10/16
  9446 | D:6      | Noticed a green ugly thing
  9458 | D:6      | Killed a green ugly thing
  9458 | D:6      | Reached skill level 5 in Short Blades
  9458 | D:6      | Reached skill level 5 in Dodging
  9458 | D:6      | Reached skill level 5 in Spellcasting
  9458 | D:6      | Reached skill level 1 in Translocations
  9540 | D:6      | Offered knowledge of Fireball by Vehumet.
  9872 | D:7      | Found a white marble altar of Elyvilon.
  9958 | D:7      | Reached skill level 5 in Ice Magic
 10027 | D:7      | Found Dubruzic's Food Emporium.
 10167 | D:7      | Reached skill level 11 in Stealth
 10381 | D:7      | Found a bloodstained altar of Trog.
 10689 | D:8      | Slain by an orc

Skill      XL: |  1  2  3  4  5  6  7  8  9 |
---------------+----------------------------+-----
Stealth        | 5 6 7 9 10 11 | 11.2
Hexes          | 5 6 7 8 |  8.3
Ice Magic      | 1 2 3 4 5 |  5.3
Short Blades   | 2 3 4 5 |  5.6
Dodging        | 3 4 5 |  5.7
Spellcasting   | 3 4 5 |  5.7
Translocations | 1 |  1.6

Action                   |  1- 3 |  4- 6 |  7- 9 || total
-------------------------+-------+-------+-------++-------
Melee: Dagger            |   121 |   152 |   229 ||   502
       Bite              |     9 |    10 |    20 ||    39
 Cast: Corona            |     4 |       |       ||     4
       Ensorcelled Hiber |    27 |    42 |    55 ||   124
       Confuse           |     2 |    18 |    54 ||    74
       Portal Projectile |       |       |     2 ||     2
Evoke: Wand              |       |       |     5 ||     5
  Use: Potion            |     2 |     7 |     5 ||    14
       Scroll            |     3 |     7 |    12 ||    22
 Stab: Sleeping          |    25 |    42 |    55 ||   122
       Confused          |     1 |    11 |    28 ||    40
       Distracted        |       |       |     1 ||     1
Armor: Robe              |    21 |    16 |    45 ||    82
       Skin              |       |       |     1 ||     1
Dodge: Dodged            |    72 |    96 |   150 ||   318
